 Dungeon Crawl Stone Soup version 0.26.1-11-gd32895ea62 (webtiles) character file.

Game seed: 13687849729325117837

284420 promet the Fencer (level 20, -6/143 HPs)
             Began as a Gnoll Hunter on June 18, 2021.
             Was a High Priest of Qazlal.
             Mangled by a juggernaut (16 damage)
             ... on level 2 of the Depths on June 19, 2021.
             The game lasted 08:20:15 (59492 turns).

promet the Fencer (Gnoll Hunter)                   Turns: 59492, Time: 08:20:15

Health: -6/143     AC: 28    Str: 25    XL:     20   Next: 58%
Magic:  34/37      EV: 25    Int: 15    God:    Qazlal [*****.]
Gold:   811        SH: 12    Dex: 29    Spells: 5/46 levels left

rFire    + . .     SeeInvis +   b - +7 arbalest "Xits" {elec, Str+2 Dex+4}
rCold    . . .     Faith    .   (shield currently unavailable)
rNeg     + . .     Spirit   .   E - +6 scale mail of Kuofur {Dex+6}
rPois    +         Reflect  +   S - +2 helmet
rElec    .         Harm     .   x - +2 cloak
rCorr    .         Rampage  .   n - +1 pair of gloves
Will     ++...                  B - +1 pair of boots
Stlth    ++........             c - amulet "Vupsoon" {Reflect rN+ Int-4 Slay+3 SH+5}
HPRegen  0.33/turn              h - ring of see invisible
MPRegen  0.25/turn              r - ring "Diffus" {rF+ Will+ Str+2 Dex+4}

@: sluggish, studying Long Blades, repel missiles, very slow
A: distributed training, fangs 1, talons 1, frail 1, poison resistance, strong
1, strong nose
}: 2/15 runes: decaying, serpentine
a: Renounce Religion, Upheaval, Elemental Force, Disaster Area


You were on level 2 of the Depths.
You worshipped Qazlal.
Qazlal was extremely pleased with you.
You visited 7 branches of the dungeon, and saw 34 of its levels.

You collected 3409 gold pieces.
You spent 2598 gold pieces at shops.

Inventory:

Hand Weapons
 a - the +12 glaive of Prune {vorpal}
   (You found it on level 3 of the Lair of Beasts)

   It inflicts extra damage upon your enemies.
 b - the +7 arbalest "Xits" (weapon) {elec, Str+2 Dex+4}
   (You found it on level 3 of the Lair of Beasts)

   It charges the ammunition it shoots with electricity; occasionally upon a
   hit, such missiles may discharge and cause terrible harm.
   It affects your strength (+2).
   It affects your dexterity (+4).
 w - the +8 quarterstaff "Hadyagi" {vorpal, +Blink}
   (You found it on level 5 of the Lair of Beasts)

   It inflicts extra damage upon your enemies.
   It lets you blink.
 y - a +3 rapier of protection
 C - a +3 battleaxe of draining
 F - a +7 vampiric great sword
 G - a +6 hand crossbow of electrocution
 M - a +5 broad axe
 R - a +3 demon whip of venom
 Y - a +2 great sword of flaming
Missiles
 d - 510 bolts (quivered ammo)
 l - 187 sling bullets
 u - 26 curare-tipped darts
Armour
 n - a +1 pair of gloves (worn)
 x - a +2 cloak (worn)
 B - a +1 pair of boots (worn)
 E - the +6 scale mail of Kuofur (worn) {Dex+6}
   (You found it on level 4 of the Dungeon)

   It affects your dexterity (+6).
 S - a +2 helmet (worn)
Jewellery
 c - the amulet "Vupsoon" (around neck) {Reflect rN+ Int-4 Slay+3 SH+5}
   (You acquired it on level 2 of the Orcish Mines)

   [amulet of reflection]

   It shields you and reflects attacks.
   It affects your intelligence (-4).
   It affects your accuracy and damage with ranged weapons and melee attacks
   (+3).
   It protects you from negative energy.
   It affects your SH (+5).
 h - a ring of see invisible (left hand)
 m - a +4 ring of evasion
 r - the ring "Diffus" (right hand) {rF+ Will+ Str+2 Dex+4}
   (You acquired it on level 12 of the Dungeon)

   [ring of willpower]

   It affects your strength (+2).
   It affects your dexterity (+4).
   It protects you from fire.
   It affects your willpower, your defense against some magical effects.
 D - a +4 ring of protection
 H - a +6 ring of intelligence
 L - the ring "Fayt" {rElec Will+ EV+4}
   (You took it off a wight on level 10 of the Dungeon)

   [ring of evasion]

   It affects your evasion (+4).
   It insulates you from electricity.
   It affects your willpower, your defense against some magical effects.
 Q - a +4 ring of protection
 U - an uncursed amulet of the acrobat
 Z - a +4 ring of slaying
Wands
 f - a wand of disintegration (38)
 g - a wand of polymorph (7)
 A - a wand of flame (114)
 O - a wand of acid (28)
 P - a wand of iceblast (14)
 T - a wand of paralysis (45)
Scrolls
 e - 6 scrolls of magic mapping
 k - 9 scrolls of teleportation
 t - 16 scrolls of remove curse
 z - a scroll of identify
 N - 3 scrolls of enchant armour
 X - 2 scrolls of fear
Potions
 i - 6 potions of haste
 j - 2 potions of berserk rage
 o - 2 potions of invisibility
 s - 3 potions of curing
 v - 7 potions of flight
 J - 3 potions of heal wounds
 W - 2 potions of resistance
Books
 I - a manual of Long Blades
Miscellaneous
 p - a box of beasts (inert)
 q - a tin of tremorstones (2/2)
 K - a lightning rod (4/4)
 V - a condenser vane (inert)


   Skills:
 + Level 14.1 Fighting
 + Level 13.5 Short Blades
 + Level 17.9 Long Blades
 + Level 13.5 Axes
 + Level 13.5 Maces & Flails
 + Level 13.5 Polearms
 + Level 13.5 Staves
 + Level 13.5 Slings
 + Level 13.5 Bows
 + Level 15.4 Crossbows
 + Level 13.5 Throwing
 + Level 13.5 Armour
 + Level 14.1 Dodging
 + Level 13.6 Stealth
 + Level 13.5 Shields
 + Level 13.5 Unarmed Combat
 + Level 13.5 Spellcasting
 + Level 11.6 Conjurations
 + Level 11.6 Hexes
 + Level 11.6 Summonings
 + Level 11.6 Necromancy
 + Level 11.6 Translocations
 + Level 11.6 Transmutations
 + Level 11.6 Fire Magic
 + Level 11.6 Ice Magic
 + Level 11.6 Air Magic
 + Level 11.6 Earth Magic
 + Level 11.6 Poison Magic
 + Level 14.5 Invocations
 + Level 13.5 Evocations


You had 5 spell levels left.
You knew the following spells:

 Your Spells              Type           Power        Failure   Level
a - Poisonous Vapours     Pois/Air       88%          1%          2
b - Ignite Poison         Fire/Tmut/Pois 44%          1%          3
c - Corpse Rot            Necr/Air       N/A          1%          2
d - Stone Arrow           Conj/Erth      88%          1%          3
e - Sting                 Tmut/Pois      100%         1%          1
f - Wereblood             Tmut           44%          1%          2
g - Olgreb's Toxic Radia  Pois           44%          1%          4
h - Apportation           Tloc           88%          1%          1
i - Tukima's Dance        Hex            44%          1%          3
j - Beastly Appendage     Tmut           88%          1%          1
k - Foxfire               Conj/Fire      100%         1%          1
l - Summon Lightning Spi  Summ/Air       44%          1%          4
m - Passage of Golubria   Tloc           N/A          1%          4
n - Fireball              Conj/Fire      22%          3%          5
o - Swiftness             Air            44%          1%          2
p - Gell's Gravitas       Tloc           22%          1%          3

Your spell library contained the following spells:

 Spells                   Type           Power        Failure   Level
 Corona                   Hex            48%          1%          1
 Sandblast                Erth           88%          1%          1
 Blink                    Tloc           N/A          1%          2
 Ensorcelled Hibernation  Hex/Ice        88%          1%          2
 Passwall                 Tmut/Erth      36%          1%          2
 Confusing Touch          Hex            44%          1%          3
 Conjure Flame            Conj/Fire      44%          1%          3
 Dazzling Flash           Conj/Hex       88%          1%          3
 Inner Flame              Hex/Fire       44%          1%          3
 Lesser Beckoning         Tloc           22%          1%          3
 Mephitic Cloud           Conj/Pois/Air  44%          1%          3
 Spider Form              Tmut/Pois      22%          1%          3
 Teleport Other           Tloc           44%          1%          3
 Ice Form                 Ice/Tmut       44%          1%          4
 Leda's Liquefaction      Hex/Erth       22%          1%          4
 Petrify                  Tmut/Erth      44%          1%          4
 Sticky Flame             Conj/Fire      44%          1%          4
 Alistair's Intoxication  Tmut/Pois      29%          3%          5
 Blade Hands              Tmut           22%          3%          5
 Bolt of Magma            Conj/Fire/Erth 22%          3%          5
 Iskenderun's Battlesphe  Conj           44%          3%          5
 Lee's Rapid Deconstruct  Erth           22%          3%          5
 Metabolic Englaciation   Hex/Ice        22%          3%          5
 Silence                  Hex/Air        22%          3%          5
 Summon Forest            Summ/Tloc      22%          3%          5
 Conjure Ball Lightning   Conj/Air       22%          17%         6
 Eringya's Noxious Bog    Tmut/Pois      22%          17%         6
 Freezing Cloud           Conj/Ice/Air   22%          17%         6
 Hydra Form               Tmut           22%          17%         6
 Invisibility             Hex            44%          17%         6
 Iron Shot                Conj/Erth      22%          17%         6
 Ozocubu's Refrigeration  Ice            22%          17%         6
 Simulacrum               Ice/Necr       22%          17%         6
 Starburst                Conj/Fire      22%          17%         6
 Statue Form              Tmut/Erth      29%          17%         6
 Orb of Destruction       Conj           22%          67%         7
 Spellforged Servitor     Conj/Summ      22%          67%         7
 Summon Hydra             Summ           22%          67%         7
 Ignition                 Fire           22%          100%        8
 Shatter                  Erth           22%          100%        9
 Tornado                  Air            22%          100%        9


Dungeon Overview and Level Annotations

Branches:
Dungeon (15/15)            Temple (1/1) D:6            Lair (6/6) D:11
  Swamp (4/4) Lair:3        Snake (4/4) Lair:3        Slime (0/5) Lair:5
    Orc (2/2) D:12            Elf (0/3) Orc:2        Vaults (0/5) D:14
 Depths (2/5) D:15

Altars:
Ashenzari
Cheibriados
Fedhas
Gozag
Hepliaklqana
Kikubaaqudgha
Makhleb
Qazlal
Sif Muna
Trog
Uskayaw
Vehumet
Wu Jian
Xom
The Shining One
Beogh
Jiyva

Shops:
D:8 [   Orc:2 (***   Snake:1 =*(   Snake:3 }=}   Snake:4 [   Depths:1 *

Portals:
Hell: Depths:1 Depths:2
Abyss: Depths:2
Trove: D:13 (show slimy rune of Zot)

Annotations:
D:12 1 runed translucent door
Lair:2 3 runed translucent doors, Dillybarz's ghost, journeyman GrFi
Swamp:1 1 runed translucent door, dtburroughs's ghost, adept MiBe


Innate Abilities, Weirdness & Mutations

Your experience applies equally to all skills.
You have very sharp teeth.
Your uncanny sense of smell can sniff out nearby items.
You have sharp toenails.
You are frail. (-10% HP)
Your system is resistant to poisons. (rPois)
Your muscles are strong. (Str +2)


Message History

Aim: a juggernaut (severely wounded, 88% to hit)
You shoot a bolt. The bolt hits the juggernaut!
The juggernaut is severely wounded.
Your lightning spire is engulfed in blazing flames. x2
You start to feel a little slower.
You see here a cursed -2 arbalest.
You see here a +0 arbalest.
Casting: Summon Lightning Spire (mildly dangerous; 1% risk of failure)
Confirm with . or Enter, or press ? or * to list all spells.
You don't know that spell.
Unknown command.
You feel less protected from physical attacks.
You see here a +0 arbalest.
Items here: ))) ÷.
You feel sluggish.
You hear an angry buzzing noise.
Things that are here:
a large rock; a +0 robe; +0 shadow dragon scales The juggernaut hits you!
You die...

#^...+...))#......(..#
######..)..#....(....#
#....)#...=.....#
#..).°#.°§......#∆
#.......°[...(..###
#....)°.○.####....#
#......§).# #....#
#.....(○(C# ###..#
#####.((○@# #..#∆
####### #..### #....#∆
#....######
###.....).# #....##.#
#######.# #.# #.#


You could see a juggernaut.

Vanquished Creatures
  Saint Roka (Depths:1)
  A caustic shrike (Depths:1)
  2 golden dragons (Depths:2)
  4 liches
  A titan (Depths:2)
  Asterion (Snake:3)
  A tengu reaver (D:12)
  2 shadow dragons (Depths:2)
  Frances (Swamp:1)
  A fenstrider witch (Swamp:3)
  2 frost giants
  3 fire giants (Depths:2)
  10 nagarajas
  A ghost moth (shapeshifter) (Depths:1)
  Louise (D:15)
  A spriggan defender (Depths:2)
  4 very ugly things
  4 vampire knights
  5 stone giants
  4 entropy weavers (Lair:5)
  Azrael (D:13)
  8 bunyips
  Josephine (Lair:4)
  3 eleionomae
  2 ettins
  2 fire dragons
  A great orb of eyes (Depths:1)
  4 yaktaur captains
  Erolcha (D:13)
  A rakshasa (D:15)
  26 hydras
  7 ghost crabs
  A juggernaut simulacrum (Depths:1)
  Harold (D:8)
  The ghost of vvl the Cleaver, a journeyman DsFi of Gozag (D:12)
  A spriggan air mage (Depths:2)
  3 boulder beetles
  5 naga warriors
  An ice dragon (Depths:2)
  6 alligators
  A catoblepas (Lair:3)
  5 centaur warriors
  24 two-headed ogres
  8 anacondas
  2 dancing weapons (D:14)
  A death yak (shapeshifter) (D:15)
  6 ogre magi
  A deep troll shaman (Depths:2)
  A death yak (Lair:3)
  2 vampire magi
  A deep troll earth mage (Depths:2)
  12 naga sharpshooters
  A spriggan berserker (Depths:2)
  3 shock serpents
  Sonja (Orc:2)
  18 spriggans
  Nergalle (D:12)
  3 salamander mystics
  3 spriggan druids
  5 fire crabs (Lair:5)
  6 slime creatures
  2 goliath frogs
  6 hell knights (Depths:1)
  2 skeletal warriors (D:12)
  4 deep trolls
  9 naga ritualists
  A glowing orange brain (D:15)
  14 swamp dragons
  2 bog bodies
  A swamp dragon (shapeshifter) (D:15)
  An orc knight (Orc:1)
  2 necromancers
  5 lindwurms
  A mana viper (shapeshifter) (D:15)
  10 salamanders
  9 mana vipers
  3 will-o-the-wisps (Swamp:3)
  2 orc sorcerers
  2 manticores
  6 ugly things
  A cyclops (D:12)
  A frost giant skeleton (Depths:1)
  A stone giant skeleton (Depths:1)
  18 elephants
  A guardian serpent (shapeshifter) (D:15)
  46 black mambas
  An apocalypse crab (Lair:5)
  4 guardian serpents
  A torpor snail (Lair:3)
  4 molten gargoyles
  11 naga magi
  14 cane toads
  A gargoyle (D:12)
  18 komodo dragons
  3 rime drakes
  12 yaktaurs
  A kobold demonologist (D:12)
  A harpy zombie (D:13)
  2 guardian mummies (D:13)
  3 trolls
  2 polar bears
  A wolf spider simulacrum (D:14)
  5 tyrant leeches
  19 hornets
  24 blink frogs
  6 dream sheep
  A centaur simulacrum (D:12)
  A deep troll skeleton (Depths:1)
  A vampire (D:15)
  9 wraiths
  7 wyverns
  A shadow (D:12)
  4 fire elementals (D:13)
  10 basilisks
  61 yaks
  A steam dragon (Lair:6)
  11 swamp worms
  A warg (shapeshifter) (Depths:2)
  7 vampire mosquitoes
  An acid dragon (D:15)
  43 nagas
  2 soldier ants
  A soldier ant (shapeshifter) (Depths:2)
  3 wargs
  8 hell hounds
  21 water moccasins
  Duvessa (D:5)
  22 orc warriors
  5 swamp drakes
  An ice dragon simulacrum (Depths:1)
  A black bear (D:13)
  An ice beast (D:13)
  4 phantoms
  13 wolves
  4 boggarts (Depths:2)
  2 necrophages
  28 ogres
  14 centaurs
  A big kobold (D:12)
  17 bullfrogs
  A water moccasin zombie (D:7)
  Dowan (D:5)
  6 scorpions
  5 killer bees (D:11)
  12 wights
  2 howler monkeys
  4 lava snakes (Lair:6)
  A bullfrog zombie (D:12)
  6 hounds
  26 orc wizards
  Crazy Yiuf (D:2)
  15 orc priests
  4 jellies
  2 bullfrog skeletons
  6 centaur skeletons
  An iguana (D:6)
  Terence (D:3)
  7 hell rats
  18 worker ants
  3 hound zombies (D:8)
  A worker ant zombie (D:10)
  Robin (D:2)
  22 adders
  4 gnolls (D:2)
  2 river rats (Lair:3)
  2 shadow imps
  3 white imps
  2 ufetubi
  An adder skeleton (D:8)
  2 worms
  2 dart slugs
  8 leopard geckos
  87 orcs
  9 ball pythons
  9 giant cockroaches
  9 hobgoblins
  9 jackals
  15 kobolds
  3 quokkas
  10 bats
  11 frilled lizards
  12 goblins
  10 rats
1178 creatures vanquished.

Vanquished Creatures (collateral kills)
  A tentacled monstrosity (Depths:2)
  A nagaraja (Snake:4)
  2 ettins (Depths:2)
  A shambling mangrove (Swamp:3)
  A hydra (Swamp:1)
  An ice dragon (Depths:2)
  A ghost crab (Swamp:2)
  An anaconda (Snake:3)
  2 two-headed ogres (Depths:1)
  A deep troll shaman (Depths:2)
  A spriggan berserker (Depths:2)
  A spriggan (Swamp:2)
  4 hell knights (Depths:1)
  A spriggan druid (Swamp:4)
  A flayed ghost (Depths:2)
  A bog body (Swamp:3)
  3 necromancers (Depths:1)
  A salamander (Snake:3)
  A naga mage (Snake:4)
  A hornet (Swamp:2)
  2 tyrant leeches
  4 nagas
  A floating eye (Depths:2)
  A swamp drake (Swamp:1)
35 creatures vanquished.

Vanquished Creatures (others)
  A yak (Lair:5)
  A naga (Snake:4)
  A swamp drake (Swamp:3)
  2 bushes (Snake:3)
  27 foxfires
  50 fungi
  125 plants
207 creatures vanquished.

Grand Total: 1420 creatures vanquished

Notes
Turn   | Place    | Note
-------+----------+-------------------------------------------
     0 | D:1      | promet the Gnoll Hunter began the quest for the Orb.
     0 | D:1      | Reached XP level 1. HP: 20/20 MP: 1/1
    64 | D:1      | Reached XP level 2. HP: 23/26 MP: 2/2
   945 | D:2      | Reached XP level 3. HP: 31/31 MP: 3/3
  1309 | D:2      | Noticed Robin
  1330 | D:1      | Reached skill level 1 in Invocations
  1456 | D:2      | Killed Robin
  1457 | D:2      | Reached skill level 1 in Short Blades
  1457 | D:2      | Reached skill level 1 in Long Blades
  1457 | D:2      | Reached skill level 1 in Axes
  1457 | D:2      | Reached skill level 1 in Maces & Flails
  1457 | D:2      | Reached skill level 1 in Polearms
  1457 | D:2      | Reached skill level 1 in Staves
  1457 | D:2      | Reached skill level 1 in Slings
  1457 | D:2      | Reached skill level 1 in Bows
  1457 | D:2      | Reached skill level 1 in Throwing
  1457 | D:2      | Reached skill level 1 in Armour
  1457 | D:2      | Reached skill level 1 in Shields
  1457 | D:2      | Reached skill level 1 in Unarmed Combat
  1457 | D:2      | Reached skill level 1 in Spellcasting
  1457 | D:2      | Reached skill level 1 in Evocations
  1614 | D:2      | Reached XP level 4. HP: 38/38 MP: 5/5
  2085 | D:2      | Reached skill level 1 in Conjurations
  2085 | D:2      | Reached skill level 1 in Hexes
  2085 | D:2      | Reached skill level 1 in Summonings
  2085 | D:2      | Reached skill level 1 in Necromancy
  2085 | D:2      | Reached skill level 1 in Translocations
  2085 | D:2      | Reached skill level 1 in Transmutations
  2085 | D:2      | Reached skill level 1 in Fire Magic
  2085 | D:2      | Reached skill level 1 in Ice Magic
  2085 | D:2      | Reached skill level 1 in Air Magic
  2085 | D:2      | Reached skill level 1 in Earth Magic
  2085 | D:2      | Reached skill level 1 in Poison Magic
  2603 | D:2      | Reached XP level 5. HP: 38/43 MP: 5/7
  2699 | D:2      | Found a runed translucent door.
  2700 | D:2      | Noticed Crazy Yiuf
  2712 | D:2      | Killed Crazy Yiuf
  2908 | D:3      | Found a bloodstained altar of Trog.
  2908 | D:3      | Found a shimmering altar of Xom.
  3190 | D:3      | Noticed Terence
  3198 | D:3      | Killed Terence
  3428 | D:3      | Found a glowing golden altar of the Shining One.
  3467 | D:3      | Reached XP level 6. HP: 49/50 MP: 8/8
  3770 | D:3      | Reached skill level 5 in Fighting
  3770 | D:3      | Reached skill level 5 in Dodging
  4199 | D:4      | Reached skill level 2 in Long Blades
  4565 | D:4      | Reached XP level 7. HP: 56/56 MP: 10/10
  4836 | D:4      | Identified the +6 scale mail of Kuofur {Dex+6} (You found
                  | it on level 4 of the Dungeon)
  5645 | D:5      | Entered Level 5 of the Dungeon
  5974 | D:5      | Found an opulent altar of Gozag.
  6077 | D:5      | Reached XP level 8. HP: 52/63 MP: 12/12
  6289 | D:5      | Reached skill level 3 in Long Blades
  6306 | D:5      | Noticed Dowan
  6319 | D:5      | Killed Dowan
  6367 | D:5      | Noticed Duvessa
  6443 | D:5      | Killed Duvessa
  6866 | D:6      | Reached skill level 4 in Long Blades
  7096 | D:6      | Reached XP level 9. HP: 69/69 MP: 14/14
  7252 | D:6      | Found a radiant altar of Vehumet.
  7402 | D:6      | Found a staircase to the Ecumenical Temple.
  7451 | D:6      | Found a burning altar of Makhleb.
  7451 | D:6      | Noticed an Executioner
  7475 | D:6      | Noticed a hellwing
  7475 | D:6      | Noticed an orange demon
  7971 | Temple   | Entered the Ecumenical Temple
  7989 | Temple   | Became a worshipper of Qazlal Stormbringer
  8084 | D:6      | Reached skill level 5 in Long Blades
  9448 | D:8      | Reached skill level 5 in Stealth
  9635 | D:8      | Reached * piety under Qazlal
  9869 | D:8      | Reached skill level 5 in Invocations
  9976 | D:8      | Found Feolewk's Armour Emporium.
  9981 | D:8      | Bought a +2 helmet for 165 gold pieces
 10001 | D:8      | Reached skill level 6 in Long Blades
 10009 | D:8      | Noticed Harold
 10027 | D:8      | Killed Harold
 10028 | D:8      | Reached skill level 5 in Short Blades
 10028 | D:8      | Reached skill level 5 in Axes
 10028 | D:8      | Reached skill level 5 in Maces & Flails
 10028 | D:8      | Reached skill level 5 in Polearms
 10028 | D:8      | Reached skill level 5 in Staves
 10028 | D:8      | Reached skill level 5 in Slings
 10028 | D:8      | Reached skill level 5 in Bows
 10028 | D:8      | Reached skill level 5 in Throwing
 10028 | D:8      | Reached skill level 5 in Armour
 10028 | D:8      | Reached skill level 5 in Shields
 10028 | D:8      | Reached skill level 5 in Unarmed Combat
 10028 | D:8      | Reached skill level 5 in Spellcasting
 10028 | D:8      | Reached skill level 5 in Evocations
 10028 | D:8      | Reached XP level 10. HP: 58/77 MP: 17/17
 10641 | D:9      | Gained mutation: Your system is resistant to poisons.
                  | (rPois) [potion of mutation]
 10641 | D:9      | Gained mutation: You have sharp toenails. [potion of
                  | mutation]
 10641 | D:9      | Gained mutation: You are frail. (-10% HP) [potion of
                  | mutation]
 10641 | D:9      | Gained mutation: Your muscles are strong. (Str +2) [potion
                  | of mutation]
 10730 | D:9      | Noticed a two-headed ogre
 10759 | D:9      | Killed a two-headed ogre
 10760 | D:9      | Reached skill level 10 in Crossbows
 11003 | D:9      | Reached skill level 7 in Long Blades
 11330 | D:9      | Found a shimmering blue altar of Sif Muna.
 11330 | D:9      | Found a snail-covered altar of Cheibriados.
 11383 | D:9      | Found a radiant altar of Vehumet.
 11805 | D:10     | Entered Level 10 of the Dungeon
 11925 | D:10     | Noticed a two-headed ogre
 11934 | D:10     | Killed a two-headed ogre
 11977 | D:10     | Reached ** piety under Qazlal
 12110 | D:10     | Identified the ring "Fayt" {rElec Will+ EV+4}
 12264 | D:10     | Reached XP level 11. HP: 75/75 MP: 19/19
 12303 | D:10     | Reached skill level 8 in Long Blades
 12849 | D:10     | Reached skill level 5 in Conjurations
 12849 | D:10     | Reached skill level 5 in Hexes
 12849 | D:10     | Reached skill level 5 in Summonings
 12849 | D:10     | Reached skill level 5 in Necromancy
 12849 | D:10     | Reached skill level 5 in Translocations
 12849 | D:10     | Reached skill level 5 in Transmutations
 12849 | D:10     | Reached skill level 5 in Fire Magic
 12849 | D:10     | Reached skill level 5 in Ice Magic
 12849 | D:10     | Reached skill level 5 in Air Magic
 12849 | D:10     | Reached skill level 5 in Earth Magic
 12849 | D:10     | Reached skill level 5 in Poison Magic
 13554 | D:11     | Found a staircase to the Lair.
 13554 | D:11     | Noticed a manticore
 13560 | D:11     | Killed a manticore
 14243 | D:11     | Reached *** piety under Qazlal
 14675 | D:8      | Bought a +0 buckler of reflection for 85 gold pieces
 14675 | D:8      | Bought a +1 scale mail of poison resistance for 130 gold
                  | pieces
 14856 | Lair:1   | Entered Level 1 of the Lair of Beasts
 14856 | Lair:1   | Noticed a five-headed hydra
 14869 | Lair:1   | Killed a five-headed hydra
 15138 | Lair:1   | Reached skill level 9 in Long Blades
 15717 | Lair:1   | Noticed a six-headed hydra
 15722 | Lair:1   | Killed a six-headed hydra
 15723 | Lair:1   | Reached XP level 12. HP: 84/84 MP: 22/22
 16717 | Lair:2   | Found a hide-covered altar of Uskayaw.
 16717 | Lair:2   | Found an ornate altar of the Wu Jian Council.
 16717 | Lair:2   | Noticed a boulder beetle
 16735 | Lair:1   | Killed a boulder beetle
 17323 | Lair:2   | Reached skill level 10 in Long Blades
 17715 | Lair:2   | Noticed a boulder beetle
 17737 | Lair:2   | Killed a boulder beetle
 18113 | Lair:2   | Noticed Dillybarz's ghost (journeyman GrFi)
 18138 | Lair:2   | Found a runed translucent gate.
 18138 | Lair:2   | Found a runed translucent gate.
 18138 | Lair:2   | Found a runed translucent gate.
 19109 | Lair:3   | Noticed a catoblepas
 19122 | Lair:3   | Killed a catoblepas
 19143 | Lair:3   | Noticed a death yak
 19393 | Lair:3   | Reached **** piety under Qazlal
 19432 | Lair:3   | Reached XP level 13. HP: 48/90 MP: 24/24
 20420 | Lair:3   | Found the +12 glaive of Prune {vorpal}
 20441 | Lair:3   | Learned a level 2 spell: Poisonous Vapours
 20445 | Lair:3   | Learned a level 3 spell: Ignite Poison
 20924 | Lair:3   | Reached skill level 11 in Long Blades
 21052 | Lair:3   | Found a staircase to the Snake Pit.
 21512 | Lair:3   | Got a masterwork arbalest
 21513 | Lair:3   | Identified the +7 arbalest "Xits" {elec, Str+2 Dex+4} (You
                  | found it on level 3 of the Lair of Beasts)
 21959 | Lair:3   | Found a staircase to the Swamp.
 22148 | Lair:4   | Reached ***** piety under Qazlal
 22800 | Lair:4   | Identified the +5 quarterstaff of Starshine {vorpal, Str-3
                  | Int+7 Dex+4} (You found it on level 4 of the Lair of
                  | Beasts)
 23377 | Lair:5   | Found a viscous altar of Jiyva.
 23377 | Lair:5   | Found a staircase to the Slime Pits.
 23377 | Lair:5   | Noticed Josephine
 23492 | Lair:4   | Killed Josephine
 23645 | Lair:4   | Reached XP level 14. HP: 77/98 MP: 26/26
 23763 | Lair:5   | Reached skill level 10 in Fighting
 23763 | Lair:5   | Reached skill level 10 in Dodging
 23872 | Lair:5   | Reached skill level 12 in Long Blades
 24323 | Lair:5   | Found a runed translucent door.
 24790 | Lair:5   | Noticed an entropy weaver
 24797 | Lair:5   | Killed an entropy weaver
 24912 | Lair:5   | Noticed an entropy weaver
 24922 | Lair:5   | Killed an entropy weaver
 25261 | Lair:5   | Reached skill level 10 in Invocations
 25272 | Lair:5   | Noticed an entropy weaver
 25279 | Lair:5   | Killed an entropy weaver
 25401 | Lair:5   | Noticed an entropy weaver
 25410 | Lair:5   | Killed an entropy weaver
 25576 | Lair:5   | Identified the +8 quarterstaff "Hadyagi" {vorpal, +Blink}
                  | (You found it on level 5 of the Lair of Beasts)
 25693 | Lair:6   | Entered Level 6 of the Lair of Beasts
 26254 | Lair:6   | Reached ****** piety under Qazlal
 26486 | Lair:6   | Reached skill level 10 in Stealth
 26489 | Lair:6   | Reached XP level 15. HP: 105/105 MP: 28/28
 26581 | Lair:6   | Reached skill level 13 in Long Blades
 26646 | Lair:6   | Learned a level 2 spell: Corpse Rot
 27226 | Lair:6   | Found a large runed translucent door.
 27226 | Lair:6   | Found a large runed translucent door.
 27399 | Lair:6   | Found a shimmering altar of Xom.
 27951 | Lair:6   | Reached skill level 10 in Short Blades
 27951 | Lair:6   | Reached skill level 10 in Axes
 27951 | Lair:6   | Reached skill level 10 in Maces & Flails
 27951 | Lair:6   | Reached skill level 10 in Polearms
 27951 | Lair:6   | Reached skill level 10 in Staves
 27951 | Lair:6   | Reached skill level 10 in Slings
 27951 | Lair:6   | Reached skill level 10 in Bows
 27951 | Lair:6   | Reached skill level 10 in Throwing
 27951 | Lair:6   | Reached skill level 10 in Armour
 27951 | Lair:6   | Reached skill level 10 in Shields
 27951 | Lair:6   | Reached skill level 10 in Unarmed Combat
 27951 | Lair:6   | Reached skill level 10 in Spellcasting
 27951 | Lair:6   | Reached skill level 10 in Evocations
 28204 | D:10     | Learned a level 3 spell: Stone Arrow
 28279 | D:12     | Noticed Nergalle
 28295 | D:12     | Killed Nergalle
 28613 | D:12     | Noticed a tengu reaver
 28615 | D:12     | Noticed vvl's ghost (journeyman DsFi)
 28617 | D:12     | Noticed a lich
 28620 | D:12     | Identified a scroll of acquirement
 28620 | D:12     | Acquired the ring "Diffus" {rF+ Will+ Str+2 Dex+4}
 28764 | D:12     | Found a runed translucent door.
 28781 | D:12     | Found a runed translucent door.
 29059 | D:12     | Found a staircase to the Orcish Mines.
 30307 | D:12     | Killed a lich
 30351 | D:12     | Killed vvl's ghost
 30379 | D:12     | Killed a tengu reaver
 30641 | Orc:1    | Entered Level 1 of the Orcish Mines
 31393 | Orc:2    | Entered Level 2 of the Orcish Mines
 31698 | Orc:2    | Reached XP level 16. HP: 82/112 MP: 30/30
 31705 | Orc:2    | Reached skill level 14 in Long Blades
 32124 | Orc:2    | Found Beqit's Weapon Shop.
 32124 | Orc:2    | Found Hiheunli's General Store.
 32124 | Orc:2    | Found Jaovoh's General Store.
 32124 | Orc:2    | Found Puomm's Assorted Antiques.
 32164 | Orc:2    | Bought a +5 vampiric great sword for 511 gold pieces
 32328 | Orc:2    | Found a roughly hewn altar of Beogh.
 32438 | Orc:2    | Noticed Sonja
 32443 | Orc:2    | Killed Sonja
 32470 | Orc:2    | Found a staircase to the Elven Halls.
 32754 | Orc:2    | Bought a scroll of acquirement for 780 gold pieces
 32778 | Orc:2    | Acquired the amulet "Vupsoon" {Reflect rN+ Int-4 Slay+3
                  | SH+5}
 33116 | Orc:2    | Bought 23 bolts for 50 gold pieces
 33116 | Orc:2    | Bought 18 bolts for 39 gold pieces
 33271 | D:13     | Noticed Erolcha
 33280 | D:13     | Killed Erolcha
 33751 | D:13     | Noticed Azrael
 33760 | D:13     | Killed Azrael
 33846 | D:13     | Learned a level 1 spell: Sting
 33849 | D:13     | Learned a level 2 spell: Wereblood
 33854 | D:13     | Learned a level 4 spell: Olgreb's Toxic Radiance
 34422 | D:13     | Found a portal to a secret trove of treasure.
 35163 | D:14     | Found a gate to the Vaults.
 36043 | D:15     | Entered Level 15 of the Dungeon
 36127 | D:15     | Found a blossoming altar of Fedhas.
 36141 | D:15     | Learned a level 1 spell: Apportation
 36145 | D:15     | Learned a level 3 spell: Tukima's Dance
 36147 | D:15     | Learned a level 1 spell: Beastly Appendage
 36155 | D:15     | Noticed Louise
 36197 | D:15     | Killed Louise
 36975 | D:15     | Noticed an azure jelly
 36978 | D:15     | Noticed a fenstrider witch
 36978 | D:15     | an azure jelly changed into a fenstrider witch
 36985 | D:15     | a fenstrider witch changed into a minotaur
 37107 | D:15     | Found a staircase to the Depths.
 37386 | Snake:1  | Entered Level 1 of the Snake Pit
 37684 | Snake:1  | Learned a level 1 spell: Foxfire
 38050 | Snake:1  | Found Siyb's Jewellery Emporium.
 38220 | Snake:1  | Found Uhitem's General Store.
 38232 | Snake:1  | Bought 17 bolts for 54 gold pieces
 38232 | Snake:1  | Bought a scroll of teleportation for 48 gold pieces
 38232 | Snake:1  | Bought a scroll of fear for 56 gold pieces
 38253 | Snake:1  | Found Siamaun's Antique Weapon Boutique.
 38463 | Snake:1  | Reached XP level 17. HP: 119/119 MP: 32/32
 39411 | Snake:2  | Reached skill level 15 in Long Blades
 39553 | Snake:2  | Got a dazzling hunting sling
 39553 | Snake:2  | Identified the +8 hunting sling of Pudasily {flame, rF+}
                  | (You found it on level 2 of the Snake Pit)
 39834 | Snake:2  | Found a glowing golden altar of the Shining One.
 41414 | Snake:3  | Found Xuvaops's Gadget Emporium.
 41414 | Snake:3  | Found Buurch's Jewellery Shop.
 41838 | Snake:3  | Found Ohaimo's Gadget Emporium.
 41846 | Snake:3  | Bought a condenser vane for 680 gold pieces
 42078 | Snake:3  | Noticed Asterion
 42086 | Snake:3  | Noticed an Executioner
 42450 | Snake:3  | Killed Asterion
 42886 | Snake:4  | Entered Level 4 of the Snake Pit
 42928 | Snake:4  | Reached skill level 10 in Conjurations
 42928 | Snake:4  | Reached skill level 10 in Hexes
 42928 | Snake:4  | Reached skill level 10 in Summonings
 42928 | Snake:4  | Reached skill level 10 in Necromancy
 42928 | Snake:4  | Reached skill level 10 in Translocations
 42928 | Snake:4  | Reached skill level 10 in Transmutations
 42928 | Snake:4  | Reached skill level 10 in Fire Magic
 42928 | Snake:4  | Reached skill level 10 in Ice Magic
 42928 | Snake:4  | Reached skill level 10 in Air Magic
 42928 | Snake:4  | Reached skill level 10 in Earth Magic
 42928 | Snake:4  | Reached skill level 10 in Poison Magic
 43579 | Snake:4  | Reached XP level 18. HP: 112/127 MP: 33/33
 44272 | Snake:4  | Learned a level 4 spell: Summon Lightning Spire
 44314 | Snake:4  | Reached skill level 16 in Long Blades
 44368 | Snake:4  | Found Vibboepa's Armour Boutique.
 45100 | Snake:4  | Got a serpentine rune of Zot
 45134 | Snake:4  | Learned a level 4 spell: Passage of Golubria
 45464 | Swamp:1  | Entered Level 1 of the Swamp
 45642 | Swamp:1  | Noticed Frances
 45894 | Swamp:1  | Killed Frances
 46530 | Swamp:1  | You fall into a shaft and drop 1 floor!
 46825 | Swamp:1  | Found a runed translucent door.
 46826 | Swamp:1  | Noticed dtburroughs's ghost (adept MiBe)
 49081 | Swamp:4  | Entered Level 4 of the Swamp
 49779 | Swamp:4  | Reached XP level 19. HP: 103/134 MP: 30/35
 50831 | Swamp:4  | Got a decaying rune of Zot
 51499 | Depths:1 | Entered Level 1 of the Depths
 51551 | Depths:1 | Reached skill level 17 in Long Blades
 51762 | Depths:1 | Noticed Saint Roka
 52253 | Depths:1 | Killed Saint Roka
 53310 | Depths:1 | Reached skill level 15 in Crossbows
 54051 | Depths:1 | Learned a level 5 spell: Fireball
 54102 | Depths:1 | Found a gateway to Hell.
 54246 | Depths:1 | Found Neawk's Elemental Accessories.
 55478 | Depths:2 | Noticed a caustic shrike
 55494 | Depths:1 | Killed a caustic shrike
 55495 | Depths:1 | Reached XP level 20. HP: 53/142 MP: 25/37
 56906 | Depths:2 | Noticed a golden dragon
 56924 | Depths:2 | Killed a golden dragon
 57112 | Depths:2 | Found a one-way gate to the infinite horrors of the Abyss.
 57887 | Depths:2 | Noticed a golden dragon
 57972 | Depths:2 | Killed a golden dragon
 58284 | Depths:2 | Learned a level 2 spell: Swiftness
 58357 | Depths:2 | Learned a level 3 spell: Gell's Gravitas
 59386 | Depths:2 | Noticed a juggernaut
 59461 | Depths:2 | HP: 1/143 [juggernaut (22)]
 59492 | Depths:2 | Mangled by a juggernaut

Illustrated notes

Levels and vault maps discovered:
D:1:      dpeg_arrival_stonehenge_12_columns, layout_basic, st_stairs_8
D:2:      layout_loops_cross, minmay_pentomino_o4, uniq_robin,
          uniq_crazy_yiuf_cottage
D:3:      layout_rooms, overflow_temple_1_default,
          chequers_temple_overflow_statue_of_worship, serial_forest,
          infiniplex_forest_clump_diagonal, infiniplex_forest_lined_1,
          infiniplex_forest_lined_3, infiniplex_forest_lined_corner,
          infiniplex_forest_end_3, infiniplex_forest_lined_2,
          infiniplex_forest_lined_room_, infiniplex_forest_end_1, uniq_terence
D:4:      kennysheep_spiral_hall, layout_loops_corners, portal_sewer_entry_f
D:5:      layout_loops_corners, nicolae_gozag_cash_rules_everything_around_me,
          minmay_manual_mandibuliform, uniq_duvessa
D:6:      layout_cave_pods, makhleb_altar_promises_db,
          minmay_temple_entry_drinking_statues, basic_altar,
          minmay_fountain_box, grunt_decor_mini_mirrors
D:7:      layout_basic, amethyst_killhole
D:8:      layout_loops_corners, serial_shops, kennysheep_little_box, uniq_harold
D:9:      layout_stronghold, fiery_altar_vehumet, nicolae_overflow_hidden_temple
D:10:     layout_rooms
D:11:     layout_gridville, david_lair_shrubbed, enter_bailey_2
D:12:     layout_long_grid, orc_0_dummy, muffindrake_ghost_dual_entry,
          uniq_nergalle
D:13:     layout_stronghold, nicolae_trove_entry_path_of_doom, uniq_erolcha,
          uniq_azrael
D:14:     layout_irregular_city, erik_vaults_1, chequers_serial_rivers_micro_c
D:15:     gammafunk_enter_depths_forms, layout_basic, fedhas_altar_3,
          uniq_louise
Temple:   jpeg_temple_clearing
Lair:1:   beast_lair_carwin_large_2, layout_big_grid
Lair:2:   layout_small_grid, gammafunk_ghost_icy,
          nzn_masters_of_martial_movement, grunt_megastairs_5
Lair:3:   layout_regular_city, palyth_hydra_swamp_entry,
          minmay_snake_entry_six_corridors, gauntlet_entry_generic,
          serial_bayou_pond_b, kennysheep_abandoned_house
Lair:4:   layout_loops_ring
Lair:5:   gammafunk_mikee_crab_dinner, layout_hall_layers, slime_altar_1,
          serial_bayou_lagoon_a, uniq_josephine
Lair:6:   cheibrodos_lair_end_hotspot, layout_gridlike, basic_altar
Swamp:1:  layout_basic_swamp, ebering_ghost_inner_flame,
          nicolae_swamp_feature_on_the_river_bank, swamp_pool5,
          infiniplex_staircase_pool, uniq_frances
Swamp:2:  layout_basic_swamp, hangedman_swamp_ruin_hall
Swamp:3:  layout_basic_swamp, evilmike_swamp_ruin_rubble_2
Swamp:4:  swamp_alternative, layout_basic_swamp
Snake:1:  layout_concentric_octagons, serial_shops, nicolae_shop_trees,
          nicolae_shop_statue_plus, shop
Snake:2:  layout_layer_cave, basic_altar
Snake:3:  kennysheep_six_static_rooms, layout_misc_corridors,
          hangedman_snake_corridor_cut, grunt_megastairs_1, minmay_shop_grove,
          uniq_asterion
Snake:4:  minmay_snake_end_coiled, layout_onion_interference, serial_shops, shop
Orc:1:    layout_caves
Orc:2:    st_orc_ogre_mass, layout_caves, basic_altar, uniq_sonja
Depths:1: layout_basic, hell_entry, serial_rivers,
          chequers_serial_rivers_micro_d, chequers_serial_rivers_small_b,
          chequers_serial_rivers_small_a, chequers_serial_rivers_small_3,
          minmay_strange_pillars, nicolae_elemental_shop, nicolae_benzene_ring,
          grunt_decor_cap, lemuel_another_geyser, uniq_saint_roka
Depths:2: hangedman_box_tower, layout_basic, hell_entry, rand_demon_pan_entry_1,
          minmay_misc_feat_tiny, abyss_entry_crystal, kennysheep_two_boxes

Skill      XL: |  1  2  3  4  5  6  7  8  9 10 11 12 13 14 15 16 17 18 19 20 |
---------------+-------------------------------------------------------------+-----
Invocations    | 1 2 3 4 5 6 7 8 9 10 11 12 13 14 | 14.5
Short Blades   | 1 2 3 5 6 7 8 9 10 11 12 13 | 13.5
Long Blades    | 1 2 4 6 7 9 10 11 12 13 14 15 16 17 | 17.9
Axes           | 1 2 3 5 6 7 8 9 10 11 12 13 | 13.5
Maces & Flails | 1 2 3 5 6 7 8 9 10 11 12 13 | 13.5
Polearms       | 1 2 3 5 6 7 8 9 10 11 12 13 | 13.5
Staves         | 1 2 3 5 6 7 8 9 10 11 12 13 | 13.5
Slings         | 1 2 3 5 6 7 8 9 10 11 12 13 | 13.5
Bows           | 1 2 3 5 6 7 8 9 10 11 12 13 | 13.5
Throwing       | 1 2 3 5 6 7 8 9 10 11 12 13 | 13.5
Armour         | 1 2 3 5 6 7 8 9 10 11 12 13 | 13.5
Shields        | 1 2 3 5 6 7 8 9 10 11 12 13 | 13.5
Unarmed Combat | 1 2 3 5 6 7 8 9 10 11 12 13 | 13.5
Spellcasting   | 1 2 3 5 6 7 8 9 10 11 12 13 | 13.5
Evocations     | 1 2 3 5 6 7 8 9 10 11 12 13 | 13.5
Conjurations   | 1 2 3 4 5 6 7 8 9 10 11 | 11.6
Hexes          | 1 2 3 4 5 6 7 8 9 10 11 | 11.6
Summonings     | 1 2 3 4 5 6 7 8 9 10 11 | 11.6
Necromancy     | 1 2 3 4 5 6 7 8 9 10 11 | 11.6
Translocations | 1 2 3 4 5 6 7 8 9 10 11 | 11.6
Transmutations | 1 2 3 4 5 6 7 8 9 10 11 | 11.6
Fire Magic     | 1 2 3 4 5 6 7 8 9 10 11 | 11.6
Ice Magic      | 1 2 3 4 5 6 7 8 9 10 11 | 11.6
Air Magic      | 1 2 3 4 5 6 7 8 9 10 11 | 11.6
Earth Magic    | 1 2 3 4 5 6 7 8 9 10 11 | 11.6
Poison Magic   | 1 2 3 4 5 6 7 8 9 10 11 | 11.6
Stealth        | 3 4 5 6 7 8 9 10 11 12 13 | 13.6
Fighting       | 5 6 7 8 9 10 11 12 13 14 | 14.1
Dodging        | 5 6 7 8 9 10 11 12 13 14 | 14.1
Crossbows      | 9 10 11 12 13 14 15 | 15.4

Action                   |  1- 3 |  4- 6 |  7- 9 | 10-12 | 13-15 | 16-18 | 19-21 || total
-------------------------+-------+-------+-------+-------+-------+-------+-------++-------
Melee: Short sword       |   141 |    34 |       |       |       |       |       ||   175
       Bite              |    14 |    14 |    51 |   110 |    64 |   123 |    69 ||   445
       Halberd           |       |    58 |    58 |       |       |       |       ||   116
       Quarterstaff      |       |    70 |   183 |    81 |    21 |     6 |     2 ||   363
       Long sword        |       |       |    13 |       |       |    11 |       ||    24
       Rapier            |       |       |     6 |       |     6 |    38 |       ||    50
       Punch             |       |       |     1 |       |     3 |     5 |     2 ||    11
       Great sword       |       |       |    79 |   265 |    17 |    80 |    12 ||   453
       Lajatang          |       |       |       |    58 |    15 |       |       ||    73
       Battleaxe         |       |       |       |    58 |    23 |    35 |     7 ||   123
       Trident           |       |       |       |     7 |    14 |       |       ||    21
       Glaive            |       |       |       |       |   379 |   482 |   271 ||  1132
       War axe           |       |       |       |       |    14 |     3 |       ||    17
       Kick              |       |       |       |       |       |     9 |       ||     9
       Headbutt          |       |       |       |       |       |     6 |       ||     6
       Scimitar          |       |       |       |       |       |    24 |    22 ||    46
       Broad axe         |       |       |       |       |       |       |     9 ||     9
 Fire: Hand crossbow     |     4 |    20 |   108 |    52 |    26 |       |       ||   210
       Arbalest          |       |       |       |       |   213 |   285 |   113 ||   611
       Hunting sling     |       |       |       |       |       |    14 |       ||    14
Throw: Stone             |       |     2 |       |       |       |       |       ||     2
       Boomerang         |       |       |     3 |       |    22 |    12 |       ||    37
       Javelin           |       |       |     6 |     5 |     6 |       |       ||    17
       Dart              |       |       |       |       |       |     1 |     2 ||     3
 Cast: Poisonous Vapours |       |       |       |       |     5 |     6 |     7 ||    18
       Ignite Poison     |       |       |       |       |     3 |    10 |    29 ||    42
       Stone Arrow       |       |       |       |       |     2 |    10 |     2 ||    14
       Foxfire           |       |       |       |       |       |     6 |     2 ||     8
       Beastly Appendage |       |       |       |       |       |     3 |       ||     3
       Wereblood         |       |       |       |       |       |     3 |     1 ||     4
       Tukima's Dance    |       |       |       |       |       |     3 |     2 ||     5
       Corpse Rot        |       |       |       |       |       |     4 |     3 ||     7
       Sting             |       |       |       |       |       |     2 |       ||     2
       Summon Lightning  |       |       |       |       |       |    21 |    43 ||    64
       Olgreb's Toxic Ra |       |       |       |       |       |     9 |    21 ||    30
       Passage of Golubr |       |       |       |       |       |     1 |     2 ||     3
       Fireball          |       |       |       |       |       |       |     4 ||     4
       Swiftness         |       |       |       |       |       |       |     3 ||     3
       Gell's Gravitas   |       |       |       |       |       |       |     1 ||     1
Invok: Upheaval          |       |       |       |       |       |     4 |     2 ||     6
       Elemental Force   |       |       |       |       |       |     3 |     5 ||     8
       Disaster Area     |       |       |       |       |       |     1 |     2 ||     3
Evoke: Wand              |       |     1 |       |       |     1 |     7 |    17 ||    26
       Phial of floods   |       |       |       |       |     2 |     1 |       ||     3
       Tin of tremorston |       |       |       |       |     1 |     4 |     2 ||     7
       Condenser vane    |       |       |       |       |       |     1 |     2 ||     3
       Box of beasts     |       |       |       |       |       |     1 |     1 ||     2
       Lightning rod     |       |       |       |       |       |       |     4 ||     4
  Use: Scroll            |    11 |     5 |    12 |     9 |    14 |    11 |     8 ||    70
       Potion            |     2 |     1 |     3 |     6 |     6 |     5 |     2 ||    25
 Stab: Sleeping          |     1 |     3 |     1 |       |       |       |       ||     5
       Paralysed         |       |     1 |       |     1 |       |     1 |       ||     3
       Petrifying        |       |     1 |       |       |       |       |       ||     1
       Petrified         |       |       |       |     2 |       |       |       ||     2
       Invisible         |       |       |       |       |     1 |       |       ||     1
       Distracted        |       |       |       |       |       |     1 |    11 ||    12
       Confused          |       |       |       |       |       |       |     1 ||     1
Armor: Leather armour    |    28 |     9 |       |       |       |       |       ||    37
       Chain mail        |       |    38 |     4 |       |       |       |       ||    42
       Scale mail        |       |       |   117 |   153 |   187 |   255 |   131 ||   843
       Fire dragon scale |       |       |       |       |    20 |     6 |       ||    26
Dodge: Dodged            |   141 |   118 |   281 |   556 |   514 |   885 |   388 ||  2883
       Repelled          |       |       |       |       |     6 |    26 |    13 ||    45
Block: Other             |       |       |     4 |    84 |   192 |   651 |   293 ||  1224
       Reflection        |       |       |       |       |       |    98 |    24 ||   122
       Rpst.: Long sword |       |       |     2 |       |       |     6 |       ||     8
       Great sword       |       |       |    18 |    67 |     3 |    16 |       ||   104
       Falchion          |       |       |       |       |     2 |       |       ||     2
       Scimitar          |       |       |       |       |       |     4 |     5 ||     9
